 Dungeon Crawl Stone Soup version 0.19-a0-1097-g38e3b35 (webtiles) character file.

48 aronpayne the Skirmisher (level 4, -4/37 HPs)
             Began as a Human Wanderer on Aug 8, 2016.
             Was an Initiate of Okawaru.
             Slain by a gnoll
             ... wielding a cursed -1 club
              (5 damage)
             ... on level 3 of the Dungeon.
             The game lasted 00:05:58 (1772 turns).

aronpayne the Skirmisher (Human Wanderer)           Turns: 1772, Time: 00:05:58

Health: -4/37      AC:  8    Str: 14    XL:     4   Next: 0%
Magic:  4/4        EV:  6    Int: 12    God:    Okawaru [......]
Gold:   110        SH:  3    Dex: 12    Spells: 0 memorised, 3 levels left

rFire  . . .     SeeInvis .     d - +0 falchion
rCold  . . .     Gourm    .     i - +0 chain mail
rNeg   + . .     Faith    .     l - +0 buckler
rPois  .         Spirit   .     (no helmet)
rElec  .         Dismiss  .     (no cloak)
rCorr  .         Reflect  .     (no gloves)
SustAt .         Harm     .     (no boots)
MR     .....                    (no amulet)
Stlth  ..........               (no ring)
                                n - ring of positive energy

@:
A: no striking features
a: Renounce Religion


You were on level 3 of the Dungeon.
You worshipped Okawaru.
Okawaru was noncommittal.
You were hungry.

You visited 1 branch of the dungeon, and saw 3 of its levels.

You collected 110 gold pieces.

Inventory:

Hand Weapons
 d - a +0 falchion (weapon)
 o - a +0 vampiric glaive
Armour
 i - a +0 chain mail (worn)
 l - a +0 buckler (worn)
 q - a cursed +0 plate armour
Jewellery
 n - a ring of positive energy (left hand)
Scrolls
 g - a scroll of recharging {unknown}
 h - a scroll of amnesia {unknown}
Potions
 a - 2 potions of brilliance {unknown}
 b - a potion of berserk rage
 c - 3 potions of curing
 e - a potion of degeneration {unknown}
 j - 3 potions of haste {unknown}
 m - a potion of invisibility {unknown}
 r - a potion of cancellation {unknown}
 s - a potion of magic {unknown}
Comestibles
 f - 3 bread rations
 k - 2 meat rations
 p - 5 fruits


   Skills:
 + Level 4.2 Fighting
   Level 0.4(1.1) Short Blades
 + Level 1.7 Long Blades
 + Level 1.0 Armour
 + Level 2.2 Dodging
 + Level 3.3 Stealth
 + Level 0.8 Shields


You had 3 spell levels left.
You didn't know any spells.

Dungeon Overview and Level Annotations

Branches:
Dungeon (3/15)

Altars:
Okawaru


Message History

The gnoll is moderately wounded.
The gnoll hits you with a flail. The gnoll barely misses you.
You riposte.
You barely miss the gnoll.
The gnoll is moderately wounded.
Your chain mail prevents you from hitting the gnoll.
The gnoll is moderately wounded.
The gnoll barely misses you. The gnoll hits you but does no damage.
The gnoll hits you with a flail.
The gnoll hits you from afar with a spear.
Your chain mail prevents you from hitting the gnoll.
The gnoll is moderately wounded.
The gnoll hits you with a club.
The gnoll hits you from afar with a spear.
* * * LOW HITPOINT WARNING * * *
The gnoll hits you with a flail!
* * * LOW HITPOINT WARNING * * *
You completely miss the gnoll.
The gnoll is moderately wounded.
The gnoll hits you with a club.
You die...

#.### #...# ####.#.#
.......## #...#...##
...###...## ..........##
.#.).).#...## #########
##.._..##...## #@g......
.#.).).#..#..# #g#######
..........#.####g###...#
...###...............#..
... #...#.#.............
##.....##.......)...###.
...#.....######.#.##
###..##### #..## #..
#..#


You could see 3 gnolls.

Vanquished Creatures
  A gnoll (D:3)
  An adder (D:2)
  A worm (D:2)
  3 bats
  2 giant cockroaches
  4 goblins
  A hobgoblin (D:1)
  2 jackals (D:1)
  A ball python (D:1)
  4 giant newts
  5 kobolds
  3 rats
28 creatures vanquished.

Notes
Turn   | Place    | Note
-------+----------+-------------------------------------------
     0 | D:1      | aronpayne the Human Wanderer began the quest for the Orb.
     0 | D:1      | aronpayne set off with: a +2 dagger, a potion of berserk rage, a potion of curing, a +0 falchion, a +0 robe, a bread ration
     0 | D:1      | Reached XP level 1. HP: 19/19 MP: 1/1
    93 | D:1      | Reached XP level 2. HP: 19/25 MP: 2/2
   812 | D:2      | Reached XP level 3. HP: 30/30 MP: 3/3
  1732 | D:3      | Found an iron altar of Okawaru.
  1739 | D:3      | Became a worshipper of Warmaster Okawaru
  1757 | D:3      | Reached skill level 1 in Armour
  1757 | D:3      | Reached XP level 4. HP: 37/37 MP: 4/4
  1771 | D:3      | HP: 1/37 [gnoll/flail (9)]
  1772 | D:3      | Slain by a gnoll

Vault maps used:
D:1:      lightli_arrival_isolated_outpost
D:3:      old_standard_altar, okawaru_ov_weapons_minmay

Skill      XL: |  1  2  3 |
---------------+----------+-----
Armour         | 1 |  1.0
Fighting       | |  4.2
Short Blades   | |  0.4
Long Blades    | |  1.7
Dodging        | |  2.2
Stealth        | |  3.3
Shields        | |  0.8

Action                   |  1- 3 |  4- 6 || total
-------------------------+-------+-------++-------
Melee: Dagger            |    69 |       ||    69
       Falchion          |    48 |    11 ||    59
  Use: Scroll            |     2 |       ||     2
 Stab: Sleeping          |     1 |       ||     1
  Eat: Chunk             |     2 |       ||     2
Armor: Robe              |    20 |       ||    20
       Chain mail        |    18 |     7 ||    25
Dodge: Dodged            |    74 |     5 ||    79
Block: Buckler           |     5 |     1 ||     6
